[Event "Titled Tuesday Blitz May 9 Late 2023"]
[White "Tworuszka, Michal"]
[Black "Sanchez, Robert"]
[WhiteFideId "1117858"]
[BlackFideId "2034360"]
[WhiteElo "2415"]
[BlackElo "1868"]
[Result "1-0"]
[Round "02"]
[TimeControl "180+2"]
[Date "2023.05.09"]
[WhiteClock "0:02:03"]
[BlackClock "0:00:27"]

1. e4 d5 2. Nc3 e6 3. d4 Nf6 4. e5 Nfd7 5. f4 c5 6. Nf3 Nc6 7. Be3 a6 8. Qd2 b5 9. Be2 cxd4 10. Nxd4 Nxd4 11. Bxd4 Nc5 12. Bd3 Be7 13. O-O O-O 14. Kh1 Bd7 15. Ne2 Bc6 16. f5 exf5 17. Rxf5 Ne4 18. Qe3 Bd7 19. Rff1 Be6 20. Nf4 1-0


[Site "https://www.chess.com"]

[Event "Titled Tuesday Blitz May 9 Late 2023"]
[White "Panico, Nick"]
[Black "Olsson, William"]
[WhiteFideId "2026724"]
[BlackFideId "1741721"]
[WhiteElo "1982"]
[BlackElo "2197"]
[Result "0-1"]
[Round "02"]
[TimeControl "180+2"]
[Date "2023.05.09"]
[WhiteClock "0:01:04"]
[BlackClock "0:00:14"]

1. f4 c5 2. e4 g6 3. Nf3 Bg7 4. Be2 Nc6 5. O-O e6 6. c3 d5 7. d3 Nge7 8. Be3 b6 9. Qe1 Bb7 10. e5 Nf5 11. Bf2 h5 12. g3 d4 13. Nbd2 O-O 14. Ng5 Bh6 15. Nge4 Kg7 16. Nf6 Nce7 17. c4 Ng8 18. Nde4 Nxf6 19. Nxf6 Qc8 20. h3 Qc6 21. Ne4 a6 22. g4 hxg4 23. hxg4 Bxf4 24. Bf3 Ne3 25. Bh4 Bxe5 26. Qf2 Rh8 27. Bg3 Qc7 28. Rae1 Bxg3 29. Nxg3 Nxf1 30. Rxf1 Bxf3 31. Qxf3 Rh3 32. Qf6+ Kg8 33. Ne4 Qh2# 0-1


[Site "https://www.chess.com"]

[Event "Titled Tuesday Blitz May 9 Late 2023"]
[White "Prado, Alexandra"]
[Black "Colpe, Malte"]
[WhiteFideId "3301346"]
[BlackFideId "24623075"]
[WhiteElo "1759"]
[BlackElo "2289"]
[Result "0-1"]
[Round "02"]
[TimeControl "180+2"]
[Date "2023.05.09"]
[WhiteClock "0:00:01"]
[BlackClock "0:02:09"]

1. e4 c5 2. Nf3 a6 3. c3 d5 4. exd5 Qxd5 5. d4 e6 6. Be3 Nd7 7. c4 Qh5 8. d5 exd5 9. cxd5 Ngf6 10. Nc3 Bd6 11. Be2 O-O 12. O-O Ng4 13. Ne4 Bxh2+ 14. Kh1 Bf4+ 15. Kg1 Bh2+ 16. Kh1 Nde5 17. g3 Nxf3 18. Bxf3 Bxg3+ 19. Kg2 Qh2# 0-1


[Site "https://www.chess.com"]

[Event "Titled Tuesday Blitz May 9 Late 2023"]
[White "ArchibaldCerveza29"]
[Black "luachess1"]
[WhiteElo "2412"]
[BlackElo "1678"]
[Result "1-0"]
[Round "02"]
[TimeControl "180+2"]
[Date "2023.05.09"]
[WhiteClock "0:01:22"]
[BlackClock "0:00:10"]

1. f4 Nf6 2. Nf3 g6 3. g3 Bg7 4. Bg2 O-O 5. O-O d6 6. d3 Nbd7 7. e4 e5 8. f5 a5 9. Nc3 Nc5 10. Bg5 c6 11. Nh4 Qe8 12. h3 b5 13. g4 b4 14. Ne2 Bb7 15. Ng3 d5 16. Qe1 dxe4 17. dxe4 Ba6 18. Rf2 Rd8 19. Qe3 Ncd7 20. Bf1 Bxf1 21. Raxf1 Qe7 22. Kh1 h6 23. Bxh6 Nxg4 24. hxg4 Qxh4+ 25. Rh2 Qf6 26. g5 Qd6 27. f6 Bh8 28. Bxf8 Rxf8 29. Nf5 Qc5 30. Qh3 1-0


[Site "https://www.chess.com"]

[Event "Titled Tuesday Blitz May 9 Late 2023"]
[White "Silva Rosas, Natalia"]
[Black "Balla, Tamas-Kristof"]
[WhiteFideId "3000575"]
[BlackFideId "1208497"]
[WhiteElo "1651"]
[BlackElo "2334"]
[Result "0-1"]
[Round "02"]
[TimeControl "180+2"]
[Date "2023.05.09"]
[WhiteClock "0:00:07"]
[BlackClock "0:00:41"]

1. e4 c5 2. Nf3 e6 3. d3 d5 4. Nbd2 Nc6 5. g3 g6 6. Bg2 Bg7 7. O-O Nge7 8. Re1 O-O 9. e5 d4 10. Qe2 Nd5 11. Nf1 Qc7 12. Bd2 b5 13. c4 bxc4 14. dxc4 Nb6 15. Bf4 a5 16. Rad1 a4 17. a3 Ba6 18. N1d2 Na5 19. Ng5 Naxc4 20. Bxa8 Rxa8 21. Qg4 Nxb2 22. Nde4 h5 23. Qf3 Nxd1 24. Nf6+ Bxf6 25. exf6 Qd7 26. Qxa8+ Nxa8 27. Rxd1 Qd5 28. f3 Nb6 29. Rb1 Qc6 30. Ne4 Bd3 31. Re1 Bxe4 32. fxe4 c4 33. e5 d3 34. Be3 Nd5 35. Bd4 c3 36. Rd1 c2 37. Rc1 d2 38. Rxc2 Qxc2 39. Kg2 d1=Q+ 40. Kh3 Qg4# 0-1


[Site "https://www.chess.com"]

[Event "Titled Tuesday Blitz May 9 Late 2023"]
[White "K2JW"]
[Black "awayceiling"]
[WhiteElo "2404"]
[BlackElo "1314"]
[Result "1-0"]
[Round "02"]
[TimeControl "180+2"]
[Date "2023.05.09"]
[WhiteClock "0:00:46"]
[BlackClock "0:00:52"]

1. d4 d5 2. c4 e6 3. Nf3 Nf6 4. Nc3 b6 5. cxd5 Nxd5 6. e4 Nf6 7. Bd3 Be7 8. O-O O-O 9. e5 Nd5 10. Nxd5 exd5 11. Ne1 c5 12. f4 c4 13. Bc2 Ba6 14. f5 Bg5 15. f6 gxf6 16. Qh5 Re8 17. Qxh7+ Kf8 18. Bxg5 c3 19. Bxf6 Bxf1 20. Qh8# 1-0


[Site "https://www.chess.com"]

[Event "Titled Tuesday Blitz May 9 Late 2023"]
[White "Nakamura, Hikaru"]
[Black "Holt, Conrad"]
[WhiteFideId "2016192"]
[BlackFideId "2034387"]
[WhiteElo "2885"]
[BlackElo "2592"]
[Result "1-0"]
[Round "03"]
[TimeControl "180+2"]
[Date "2023.05.09"]
[WhiteClock "0:00:45"]
[BlackClock "0:00:01"]

1. d4 d5 2. e3 Nf6 3. Bd3 c5 4. Nf3 Nc6 5. h3 e6 6. b3 cxd4 7. exd4 Bb4+ 8. c3 Bd6 9. O-O O-O 10. Re1 Qc7 11. Bg5 Nh5 12. c4 Nf4 13. Bf1 h6 14. Bxf4 Bxf4 15. c5 e5 16. Nc3 exd4 17. Nxd5 Qb8 18. Nxd4 Be5 19. Nxc6 bxc6 20. Ne7+ Kh8 21. Nxc6 Bh2+ 22. Kh1 Qc7 23. Ne7 Be6 24. Rxe6 fxe6 25. Ng6+ Kg8 26. Nxf8 Rxf8 27. Qe2 Be5 28. Re1 Bc3 29. Qxe6+ Kh8 30. Rc1 Bd4 31. Bd3 Qf4 32. Re1 Bxc5 33. Qg6 Kg8 34. Qh7+ Kf7 35. Bc4+ 1-0


[Site "https://www.chess.com"]

[Event "Titled Tuesday Blitz May 9 Late 2023"]
[White "Boruchovsky, Avital"]
[Black "Carlsen, Magnus"]
[WhiteFideId "2800055"]
[BlackFideId "1503014"]
[WhiteElo "2450"]
[BlackElo "2852"]
[Result "0-1"]
[Round "03"]
[TimeControl "180+2"]
[Date "2023.05.09"]
[WhiteClock "0:00:03"]
[BlackClock "0:00:39"]

1. e4 a6 2. d4 c6 3. Nf3 d5 4. Nc3 Bg4 5. Be2 e6 6. O-O Nd7 7. h3 Bh5 8. Bf4 Bb4 9. Ne5 Bxe2 10. Qxe2 Nxe5 11. Bxe5 Nf6 12. exd5 cxd5 13. Nd1 O-O 14. Ne3 Nd7 15. Bh2 b5 16. c3 Be7 17. Rae1 Rc8 18. Nxd5 Re8 19. Nxe7+ Rxe7 20. Qf3 Nb6 21. Bg3 Qd5 22. Qxd5 Nxd5 23. Bd6 Rd7 24. Bc5 a5 25. f4 a4 26. a3 h6 27. f5 exf5 28. Rxf5 f6 29. Kf2 Kf7 30. Rf3 Re8 31. Rxe8 Kxe8 32. h4 h5 33. Kg3 Kf7 34. Rf2 Rd8 35. Re2 Re8 36. Rxe8 Kxe8 37. Kf3 Kd7 38. Ke4 Ke6 39. Bf8 g5 40. hxg5 fxg5 41. Bg7 h4 42. Be5 g4 43. Kd3 Kf5 44. Bd6 h3 45. gxh3 gxh3 46. Ke2 Ke4 47. Kf2 Kd3 48. Kg3 Kc2 49. Kxh3 Kxb2 50. Kg4 Kxc3 51. Bc5 b4 0-1


[Site "https://www.chess.com"]

[Event "Titled Tuesday Blitz May 9 Late 2023"]
[White "Milikow, Yoav"]
[Black "Moussard, Jules"]
[WhiteFideId "2822237"]
[BlackFideId "642908"]
[WhiteElo "2410"]
[BlackElo "2610"]
[Result "0-1"]
[Round "03"]
[TimeControl "180+2"]
[Date "2023.05.09"]
[WhiteClock "0:00:01"]
[BlackClock "0:00:24"]

1. d4 d5 2. c4 e6 3. Nc3 a6 4. cxd5 exd5 5. Qb3 c5 6. Qxd5 cxd4 7. Qxd8+ Kxd8 8. Nd5 Nc6 9. Nf3 Be6 10. Nf4 Bf5 11. Bd2 Nf6 12. g3 Ne4 13. Bg2 Nxd2 14. Nxd2 Rc8 15. O-O Bd6 16. Nd3 Re8 17. Bf3 Rc7 18. Rfd1 Bxd3 19. exd3 Ne5 20. Kg2 f5 21. Nb3 Rc2 22. Rab1 Nxf3 23. Kxf3 Ree2 24. Rf1 Rxb2 25. Nxd4 Rxf2+ 26. Rxf2 Rxb1 27. Nxf5 Be5 28. Re2 Bf6 29. h4 h5 30. Ke4 Kd7 31. d4 a5 32. Rc2 b6 33. Ne3 Rg1 34. Nd5 Rxg3 35. Nxb6+ Ke7 36. Kd5 Bxh4 37. Rc7+ Kf6 38. Nd7+ Kf5 39. Ne5 Bf6 40. Ra7 h4 41. Rxa5 h3 0-1


[Site "https://www.chess.com"]

[Event "Titled Tuesday Blitz May 9 Late 2023"]
[White "Andreikin, Dmitry"]
[Black "Rorrer, Grayson"]
[WhiteFideId "4158814"]
[BlackFideId "30944996"]
[WhiteElo "2736"]
[BlackElo "2200"]
[Result "1-0"]
[Round "03"]
[TimeControl "180+2"]
[Date "2023.05.09"]
[WhiteClock "0:00:41"]
[BlackClock "0:00:01"]

1. c4 e5 2. Nc3 Bb4 3. Nd5 a5 4. Nf3 d6 5. a3 Bc5 6. e3 c6 7. Nc3 Ba7 8. d4 Nd7 9. dxe5 dxe5 10. Ne4 Bb8 11. b4 axb4 12. Bb2 Qe7 13. axb4 Rxa1 14. Qxa1 Qxb4+ 15. Bc3 Qe7 16. c5 Ngf6 17. Nd6+ Bxd6 18. cxd6 Qxd6 19. Nxe5 O-O 20. Be2 Nxe5 21. Bxe5 Qb4+ 22. Bc3 Qe7 23. O-O b5 24. Rc1 Bd7 25. Bd4 Rc8 26. Rc5 Nd5 27. Bf3 Be6 28. h3 f6 29. Qa6 Qd7 30. Qa5 Rb8 31. Qa1 b4 32. e4 Ne7 33. e5 f5 34. Qb2 b3 35. Ra5 Nd5 36. Ra7 Rb7 37. Ra8+ Kf7 38. Bh5+ g6 39. Bd1 Qc7 40. Qa3 c5 41. Bxc5 b2 42. Bd4 Qe7 43. Bxb2 Qxa3 44. Bxa3 Nc3 45. Bf3 Rb1+ 46. Kh2 Ra1 47. Ra7+ Kg8 48. Ra8+ Kf7 49. Bc6 Nd5 50. Ra7+ Kg8 51. Ra8+ Kf7 52. Be8+ Kg7 53. Bd7 Kf7 54. Bc6 Kg7 1-0


[Site "https://www.chess.com"]

[Event "Titled Tuesday Blitz May 9 Late 2023"]
[White "Krzyzanowski, Marcin"]
[Black "Bortnyk, Olexandr"]
[WhiteFideId "1132199"]
[BlackFideId "14120828"]
[WhiteElo "2471"]
[BlackElo "2734"]
[Result "1/2-1/2"]
[Round "03"]
[TimeControl "180+2"]
[Date "2023.05.09"]
[WhiteClock "0:00:21"]
[BlackClock "0:00:04"]

1. Nf3 Nf6 2. d4 b6 3. g3 Bb7 4. Bg2 g6 5. O-O Bg7 6. c4 O-O 7. Nc3 Ne4 8. Qd3 Nxc3 9. bxc3 Nc6 10. Bf4 d6 11. e4 e5 12. Bg5 f6 13. Be3 Ba6 14. Nd2 Na5 15. Rab1 Qe8 16. Rfe1 Qa4 17. Bf1 c5 18. f4 Rac8 19. d5 Rce8 20. f5 Re7 21. g4 g5 22. h4 h6 23. Kf2 Rb7 24. Qe2 Rfb8 25. Qd1 Qxa2 26. Ra1 Qb2 27. Qc1 Qxc1 28. Rexc1 Bf8 29. Rcb1 Re8 30. Nb3 Reb8 31. Nxa5 bxa5 32. Rxb7 Bxb7 33. Rxa5 a6 34. hxg5 hxg5 35. Be2 Bc8 36. Bd1 Rb2+ 37. Ke1 Be7 38. Ra1 Bd8 39. Bd2 Kg7 40. Ba4 Bc7 41. Bc6 Rb6 42. Ke2 Rb8 43. Kd3 a5 44. Kc2 Ba6 45. Bb5 Bb7 46. Rh1 Bc8 47. Kb3 Bb7 48. Ka4 Rh8 49. Rxh8 Kxh8 50. Bc6 Ba6 51. Bb5 Bc8 52. Be3 Kg7 53. Bc6 Kf7 54. Kb5 Ke7 55. Bc1 Kd8 56. Be3 Ke7 57. Bc1 Bd8 58. Be3 Bc7 1/2-1/2


[Site "https://www.chess.com"]

[Event "Titled Tuesday Blitz May 9 Late 2023"]
[White "Paravyan, David"]
[Black "Tanenbaum, Zachary"]
[WhiteFideId "4194985"]
[BlackFideId "2060850"]
[WhiteElo "2563"]
[BlackElo "2175"]
[Result "1-0"]
[Round "03"]
[TimeControl "180+2"]
[Date "2023.05.09"]
[WhiteClock "0:02:15"]
[BlackClock "0:01:19"]

1. e4 e5 2. Nf3 Nc6 3. Bb5 a6 4. Ba4 d6 5. c3 Nf6 6. d4 b5 7. Bc2 Be7 8. O-O O-O 9. h3 exd4 10. Nxd4 Nxd4 11. cxd4 c5 12. Re1 Bb7 13. d5 Nd7 14. Nd2 Re8 15. Nf3 Bf6 16. Rb1 Ne5 17. Bf4 Nxf3+ 18. Qxf3 Bd4 19. Qg3 Be5 20. Bxe5 dxe5 21. b3 Qd6 22. Bd3 Bc8 23. Rbc1 Bd7 24. Rc2 Rac8 25. Rec1 Rc7 26. Qe3 Rec8 27. h4 h6 28. g3 Be8 29. Kh2 Bd7 30. Bf1 Qb6 31. Bh3 Bxh3 32. Kxh3 Qd6 33. Kg2 Qf6 34. Rxc5 Qd6 35. b4 Kh7 36. R1c3 Kg8 37. Qc1 Rxc5 38. bxc5 Qg6 39. Qe3 Qf6 40. c6 Qd6 41. Qc5 Qg6 42. Re3 f5 43. d6 f4 44. d7 Rxc6 45. d8=Q+ Kh7 46. Qcf8 Qg4 47. Qg8+ Kg6 48. Qde8+ 1-0


[Site "https://www.chess.com"]

[Event "Titled Tuesday Blitz May 9 Late 2023"]
[White "Yanchenko, Roman"]
[Black "Martinez Alcantara, Jose Eduardo"]
[WhiteFideId "4137329"]
[BlackFideId "3805662"]
[WhiteElo "2491"]
[BlackElo "2711"]
[Result "0-1"]
[Round "03"]
[TimeControl "180+2"]
[Date "2023.05.09"]
[WhiteClock "0:00:06"]
[BlackClock "0:00:10"]

1. d4 Nf6 2. Nf3 e6 3. Bf4 b6 4. e3 Bb7 5. Be2 c5 6. O-O cxd4 7. exd4 Be7 8. Nbd2 O-O 9. Re1 d6 10. h3 Nbd7 11. Nf1 Qc7 12. Rc1 Rfe8 13. Ng3 Bf8 14. c3 e5 15. dxe5 dxe5 16. Be3 Nd5 17. Bb5 Rad8 18. Qa4 a6 19. Bxd7 Rxd7 20. Qg4 Nf6 21. Qf5 Rd6 22. Rcd1 Rxd1 23. Rxd1 Qc6 24. Qc2 h6 25. Qb3 b5 26. Nf5 Nd5 27. Bc1 Qe6 28. Ne3 Nxe3 29. Qxe6 Rxe6 30. Bxe3 f6 31. Rd8 Kf7 32. Rd7+ Re7 33. Rxe7+ Bxe7 34. Kf1 Bd5 35. b3 Ke6 36. Nd2 f5 37. f3 g5 38. Ke2 h5 39. c4 Bc6 40. Kd3 g4 41. hxg4 hxg4 42. fxg4 f4 43. Bb6 Bxg2 44. cxb5 axb5 45. a4 bxa4 46. bxa4 Kd5 47. a5 e4+ 48. Ke2 e3 49. Bxe3 fxe3 50. Kxe3 Ke6 51. Ne4 Ke5 52. Nd2 Bc5+ 53. Kd3 Bb7 54. g5 Ba6+ 55. Kc3 Kd5 56. g6 Bd4+ 57. Kb4 Bc5+ 58. Kc3 Bf8 59. Nb3 Bc8 60. Nd2 Bg7+ 61. Kb4 Ba6 62. Nb3 Bf6 63. Nd2 Bd3 64. Nb3 Bxg6 65. a6 Kc6 66. a7 Kb7 67. Nc5+ Kxa7 68. Nd7 Be7+ 69. Kc4 Kb7 70. Ne5 Bh7 71. Kd5 Kc7 72. Ke6 Ba3 73. Nf7 Bg8 74. Kf6 Bb2+ 75. Ke7 Bh7 76. Ng5 Bb1 77. Ne6+ Kc6 78. Nf4 Ba2 79. Ke8 Kd6 80. Kf8 Ba3 81. Kg7 Ke5 82. Nd3+ Kf5 83. Kh6 Bc4 84. Ne1 Bd5 85. Nd3 Be4 86. Nf2 Bc2 87. Nh3 Bc5 88. Kh5 Bd1+ 89. Kh6 Be3+ 90. Kg7 Bg4 0-1


[Site "https://www.chess.com"]

[Event "Titled Tuesday Blitz May 9 Late 2023"]
[White "Bortnyk, Mykola"]
[Black "Bordi, Kevin"]
[WhiteFideId "14120836"]
[BlackFideId "621862"]
[WhiteElo "2582"]
[BlackElo "2745"]
[Result "1/2-1/2"]
[Round "03"]
[TimeControl "180+2"]
[Date "2023.05.09"]
[WhiteClock "0:00:42"]
[BlackClock "0:01:25"]

1. e4 d5 2. exd5 Qxd5 3. Nc3 Qa5 4. b4 Qxb4 5. Rb1 Qd6 6. Nf3 c6 7. d4 Nf6 8. Bd3 g6 9. O-O Bg7 10. Re1 O-O 11. h3 Re8 12. Bg5 Nbd7 13. Qd2 e6 14. Ne5 Qxd4 15. Nxf7 Ng4 16. hxg4 Qxc3 17. Nd6 Rf8 18. Nxc8 Raxc8 19. Qxc3 Bxc3 20. Rxe6 Nc5 21. Re7 Nxd3 22. cxd3 b5 23. Be3 a5 24. d4 b4 25. Rd1 Rfe8 26. Ra7 Ra8 27. Rc7 Rac8 28. Ra7 Ra8 29. Rb7 Reb8 30. Rc7 Rc8 31. Rb7 Rcb8 32. Rc7 Rc8 33. Rb7 Rab8 34. Ra7 Ra8 35. Rb7 1/2-1/2


[Site "https://www.chess.com"]

[Event "Titled Tuesday Blitz May 9 Late 2023"]
[White "Bryakin, Mikhail"]
[Black "Abdrlauf, Elham"]
[WhiteFideId "4165314"]
[BlackFideId "1533533"]
[WhiteElo "2467"]
[BlackElo "2466"]
[Result "0-1"]
[Round "03"]
[TimeControl "180+2"]
[Date "2023.05.09"]
[WhiteClock "0:00:07"]
[BlackClock "0:00:07"]

1. Nf3 d5 2. c4 e6 3. e3 Nf6 4. b3 Bd6 5. Bb2 O-O 6. Nc3 Re8 7. Be2 b6 8. O-O a6 9. Qc2 Bb7 10. d4 Nbd7 11. Bd3 dxc4 12. bxc4 e5 13. d5 Nc5 14. Bf5 Bc8 15. Nd2 e4 16. Bxc8 Rxc8 17. h3 Qe7 18. Ne2 Nfd7 19. Ng3 Bxg3 20. fxg3 Qg5 21. Bd4 Qxg3 22. Rf4 g6 23. Nxe4 Nxe4 24. Rxe4 f5 25. Rxe8+ Rxe8 26. Rf1 Nc5 27. Rf3 Qd6 28. Qf2 Ne4 29. Qh4 Qe7 30. Qh6 Rf8 31. h4 Rf7 32. h5 Qg5 33. Qxg5 Nxg5 34. Rf1 Ne4 35. hxg6 hxg6 36. Rc1 Rd7 37. a4 a5 38. Kf1 g5 39. Ke2 Kf7 40. Rh1 Ng3+ 41. Kf3 Nxh1 42. g4 Kg6 43. Kg2 Rh7 44. Be5 fxg4 45. e4 g3 0-1


[Site "https://www.chess.com"]

[Event "Titled Tuesday Blitz May 9 Late 2023"]
[White "Pranav, V"]
[Black "Prohaszka, Peter"]
[WhiteFideId "25060783"]
[BlackFideId "726265"]
[WhiteElo "2515"]
[BlackElo "2626"]
[Result "1-0"]
[Round "03"]
[TimeControl "180+2"]
[Date "2023.05.09"]
[WhiteClock "0:01:35"]
[BlackClock "0:00:00"]

1. d4 d5 2. Nc3 Nf6 3. Bf4 c5 4. e3 cxd4 5. exd4 a6 6. Nf3 Nc6 7. Ne5 Bd7 8. Be2 Rc8 9. O-O e6 10. Bf3 Qb6 11. Nxc6 bxc6 12. Na4 Qa7 13. c3 a5 14. Re1 Be7 15. Be2 O-O 16. Bd3 c5 17. Nxc5 Bxc5 18. dxc5 Qxc5 19. Be5 Bb5 20. Bd4 Qc6 21. Bxf6 Bxd3 22. Bxg7 Kxg7 23. Qxd3 Qc4 24. Qg3+ Kf6 25. Rad1 Rg8 26. Qe5+ Ke7 27. Rxd5 Qc6 28. g3 Rcd8 29. Rxd8 Rxd8 30. Qxa5 f6 31. Qh5 Rd7 32. Qxh7+ Kd8 33. Qh8+ Kc7 34. Qxf6 Rd6 35. h4 Kb6 36. Qe5 Ka6 37. a4 Ka7 38. Qa5+ Kb8 39. Qb5+ 1-0


[Site "https://www.chess.com"]

[Event "Titled Tuesday Blitz May 9 Late 2023"]
[White "Schmakel, Sam"]
[Black "Matlakov, Maxim"]
[WhiteFideId "2039311"]
[BlackFideId "4168003"]
[WhiteElo "2356"]
[BlackElo "2666"]
[Result "1-0"]
[Round "03"]
[TimeControl "180+2"]
[Date "2023.05.09"]
[WhiteClock "0:00:14"]
[BlackClock "0:00:46"]

1. d4 g6 2. e4 Bg7 3. Nf3 d6 4. c3 Nf6 5. Bd3 O-O 6. O-O Nc6 7. d5 Nb8 8. c4 e5 9. Nc3 Na6 10. a3 Nc5 11. Bc2 a5 12. Rb1 Nh5 13. b4 Nd7 14. Re1 h6 15. Be3 Nf4 16. c5 Qe7 17. Nb5 Nf6 18. Bxf4 exf4 19. e5 dxe5 20. d6 cxd6 21. cxd6 Qd8 22. Nc7 Rb8 23. Nxe5 axb4 24. Rxb4 Bd7 25. Rxf4 g5 26. Rf3 Bc6 27. Nxc6 bxc6 28. Qd3 Rb2 29. Rxf6 Rxc2 30. Qxc2 Bxf6 31. Qxc6 Bd4 32. d7 Qb8 33. Qd6 Qb2 34. Qxf8+ Kxf8 35. d8=Q+ Kg7 36. Ne8+ Kh7 37. Rf1 Qd2 38. Qe7 Kg6 39. Nd6 Qf4 40. Qe4+ 1-0


[Site "https://www.chess.com"]

[Event "Titled Tuesday Blitz May 9 Late 2023"]
[White "Leiva, Gianmarco"]
[Black "Tang, Andrew"]
[WhiteFideId "3804399"]
[BlackFideId "2059630"]
[WhiteElo "2365"]
[BlackElo "2596"]
[Result "1/2-1/2"]
[Round "03"]
[TimeControl "180+2"]
[Date "2023.05.09"]
[WhiteClock "0:00:04"]
[BlackClock "0:00:09"]

1. e4 e5 2. Nf3 Nc6 3. Bc4 Nf6 4. d3 h6 5. Nc3 d6 6. a3 g5 7. h3 Bg7 8. Be3 Qe7 9. Nd5 Nxd5 10. Bxd5 Be6 11. Nd2 O-O-O 12. c3 f5 13. Qa4 f4 14. Bxa7 Kd7 15. Bxe6+ Qxe6 16. d4 exd4 17. Bxd4 Ra8 18. Qb5 Ra5 19. Qd3 Bxd4 20. cxd4 Qf6 21. Nb3 Ra6 22. O-O-O Kc8 23. Rhe1 Rb6 24. Qc3 Rf8 25. Kb1 f3 26. g4 Qf7 27. Re3 Kb8 28. Rdd3 Qg6 29. Ka1 d5 30. exd5 Na7 31. Nc5 Rd8 32. Re7 Nb5 33. Qc4 Nd6 34. Na6+ Rxa6 35. Qxc7+ Ka7 36. Rb3 Rb8 37. Re6 Qf7 38. Qc5+ Ka8 39. Rxd6 Ra7 40. Qb6 Qf4 41. Re6 Qc1+ 42. Ka2 Qc4 43. Qb4 Qxd5 44. Re5 Qd7 45. Qb5 Qxd4 46. Ree3 Rc8 47. Red3 Qe4 48. Rdc3 Rd8 49. Qb4 Qe6 50. Re3 Qd7 51. Rxf3 Rc8 52. Rfd3 Qf7 53. Qd4 Ra6 54. Qd5 Qc7 55. Qb5 Rc6 56. Rdc3 Qf7 57. Rxc6 Rxc6 58. Qa5+ Kb8 59. Qd8+ Ka7 60. Qd4+ Kb8 61. Qd8+ Ka7 62. Qd3 b6 63. Qe3 Kb7 64. Qf3 Qg8 65. Qe3 Qf7 66. Qd4 Qe6 67. Qb4 Kc7 68. f4 gxf4 69. Qxf4+ Kb7 70. Qf3 Ka7 71. Qf5 Qc4 72. Qd7+ Rc7 73. Qd3 Qe6 74. Qe3 Qc6 75. Qd4 Rd7 76. Qe3 Rc7 77. h4 Rb7 78. g5 hxg5 79. hxg5 Qd5 80. Qg3 Rg7 81. Qe3 Qc6 82. Qd4 Rxg5 83. Re3 Rd5 84. Re7+ Ka6 85. Qb4 Rc5 86. Re3 Qd5+ 87. Qb3 Qc6 88. Qd3+ b5 89. Qe2 Qd5+ 90. Rb3 Rc6 91. Qd3 Qc5 92. Rc3 Qb6 93. Rxc6 Qxc6 94. a4 Qe6+ 95. Ka3 Qe7+ 96. b4 Qe5 97. axb5+ Qxb5 98. Qg6+ Qb6 99. Qd3+ Qb5 100. Qc3 Qd5 101. Qc2 Kb6 102. Qf2+ Kb5 103. Qe2+ Kb6 104. Qe3+ Kb5 105. Qe2+ Kb6 106. Qf2+ Kb5 107. Qf1+ Kb6 108. Qg1+ Kb5 109. Qg3 Qa8+ 110. Kb3 Qd5+ 111. Ka3 Qa8+ 112. Kb2 Qe4 113. Qc3 Qe2+ 114. Kb3 Qd1+ 115. Ka3 Qa4+ 116. Kb2 Qxb4+ 117. Qxb4+ Kxb4 1/2-1/2


[Site "https://www.chess.com"]

[Event "Titled Tuesday Blitz May 9 Late 2023"]
[White "Sarana, Alexey"]
[Black "Timmermans, Mark"]
[WhiteFideId "24133795"]
[BlackFideId "1026399"]
[WhiteElo "2714"]
[BlackElo "2460"]
[Result "1-0"]
[Round "03"]
[TimeControl "180+2"]
[Date "2023.05.09"]
[WhiteClock "0:00:11"]
[BlackClock "0:00:02"]

1. d4 Nf6 2. c4 c5 3. d5 b5 4. e3 bxc4 5. Bxc4 Bb7 6. Nc3 g6 7. Nf3 d6 8. O-O Bg7 9. e4 O-O 10. h3 Nfd7 11. Bg5 Nb6 12. Bd3 N8d7 13. Re1 Re8 14. Qd2 Qc8 15. Rad1 Ba6 16. Bb1 Nc4 17. Qc1 Rb8 18. b3 Nce5 19. Nxe5 Nxe5 20. f4 Nd7 21. e5 dxe5 22. f5 c4 23. fxg6 hxg6 24. d6 exd6 25. Ne4 Rb6 26. Be3 Rc6 27. Nxd6 Rxd6 28. Rxd6 Bf8 29. Rdd1 Bb4 30. Rf1 cxb3 31. Qxc8 Rxc8 32. Rxd7 Bxf1 33. Kxf1 b2 34. Ke2 a5 35. g4 a4 36. Rb7 Rc1 37. Rxb4 Rxb1 38. a3 f5 39. Bd2 Rh1 40. Rxb2 Rxh3 41. g5 Rxa3 42. Rb6 Kg7 43. Rc6 f4 44. Bc3 Kh7 45. Kd2 f3 46. Bxe5 f2 47. Rc8 f1=Q 48. Rh8# 1-0


[Site "https://www.chess.com"]

[Event "Titled Tuesday Blitz May 9 Late 2023"]
[White "Nazari, Arad"]
[Black "Sargsyan, Shant"]
[WhiteFideId "12577324"]
[BlackFideId "13306766"]
[WhiteElo "2175"]
[BlackElo "2628"]
[Result "0-1"]
[Round "03"]
[TimeControl "180+2"]
[Date "2023.05.09"]
[WhiteClock "0:00:00"]
[BlackClock "0:01:46"]

1. e4 g6 2. d4 Nf6 3. Nc3 d5 4. e5 Ne4 5. Bd3 Nxc3 6. bxc3 c5 7. h4 Nc6 8. Be3 Qa5 9. Qd2 h5 10. Nh3 Bxh3 11. Rxh3 e6 12. Rb1 c4 13. Be2 Rb8 14. Bg5 Qxa2 15. Qc1 Qa3 16. Qf4 Be7 17. Rf3 Nd8 18. Bf6 Bxf6 19. exf6 Rc8 20. Re3 Kd7 21. f3 Qd6 22. Re5 b6 23. Qg5 Nc6 24. Re3 Kc7 25. Kd2 a5 26. g4 a4 27. Ra1 Ra8 28. f4 hxg4 29. Bxg4 b5 30. Rh3 b4 31. h5 bxc3+ 32. Rxc3 gxh5 33. Bxh5 Rag8 34. Qh4 Rxh5 35. Qxh5 Qxf4+ 36. Re3 Rg2+ 0-1


[Site "https://www.chess.com"]

[Event "Titled Tuesday Blitz May 9 Late 2023"]
[White "Papasimakopoulos, Alexandros"]
[Black "Makarian, Rudik"]
[WhiteFideId "4244125"]
[BlackFideId "44105681"]
[WhiteElo "2359"]
[BlackElo "2461"]
[Result "1/2-1/2"]
[Round "03"]
[TimeControl "180+2"]
[Date "2023.05.09"]
[WhiteClock "0:00:33"]
[BlackClock "0:00:17"]

1. d4 Nf6 2. c4 e6 3. Nc3 d5 4. cxd5 exd5 5. Bg5 c6 6. e3 h6 7. Bh4 Be7 8. Bd3 O-O 9. Qc2 Re8 10. Nf3 Nbd7 11. O-O Ne4 12. Bxe7 Qxe7 13. Bxe4 dxe4 14. Nd2 Nf6 15. Ne2 h5 16. Rac1 h4 17. h3 Nd5 18. a3 g5 19. Nc3 Nf6 20. Ne2 g4 21. hxg4 Bxg4 22. Nf4 Nd5 23. Nxd5 cxd5 24. Qc7 Qg5 25. Qf4 Qxf4 26. exf4 e3 27. fxe3 Rxe3 28. Rc5 Rd8 29. Nf3 Bxf3 30. Rxf3 Rxf3 31. gxf3 Kg7 32. Kg2 Kf6 33. Rc7 Rg8+ 34. Kh3 Rg3+ 35. Kxh4 Rxf3 36. Kg4 Rb3 37. Rc2 a6 38. Re2 Rd3 39. Re8 Rxd4 40. Rb8 b5 41. Rb6+ Ke7 42. Rxa6 Rd2 43. b4 Rd3 44. Kf5 Re3 45. Ra7+ Kd6 46. Rxf7 d4 47. Rf8 Kd5 48. Rd8+ Kc4 49. Rc8+ Kb3 50. Rc5 d3 51. Rxb5 d2 52. Rd5 Kc2 53. Rxd2+ Kxd2 54. Kg6 Rg3+ 55. Kf6 Ke3 56. f5 Kf4 57. Ke6 Re3+ 58. Kd6 Kxf5 59. b5 Rxa3 60. b6 Rb3 61. Kc7 Ke6 62. b7 Rc3+ 63. Kd8 Rh3 64. b8=Q Rh8+ 65. Kc7 Rxb8 66. Kxb8 1/2-1/2


[Site "https://www.chess.com"]

[Event "Titled Tuesday Blitz May 9 Late 2023"]
[White "Kozak, Adam"]
[Black "Bitoon, Richard"]
[WhiteFideId "753246"]
[BlackFideId "5201110"]
[WhiteElo "2469"]
[BlackElo "2374"]
[Result "1-0"]
[Round "03"]
[TimeControl "180+2"]
[Date "2023.05.09"]
[WhiteClock "0:01:05"]
[BlackClock "0:00:12"]

1. d4 Nf6 2. c4 g6 3. Nc3 Bg7 4. e4 O-O 5. Nf3 d6 6. Be2 e5 7. O-O Nc6 8. d5 Ne7 9. Ne1 Nd7 10. Be3 f5 11. f3 f4 12. Bf2 g5 13. a4 Rf6 14. a5 Rh6 15. Nb5 Nf6 16. Nxa7 Bd7 17. Nb5 Qe8 18. Nxc7 Qh5 19. h4 Rc8 20. Ne6 gxh4 21. Kh2 h3 22. g4 fxg3+ 23. Bxg3 Rg6 24. f4 Ng4+ 25. Bxg4 Rxg4 26. f5 Bxe6 27. dxe6 Bh6 28. Ra3 Bf4 29. Bxf4 exf4 30. Rg1 f3 31. Qxf3 Rxg1 32. Qxh5 1-0


[Site "https://www.chess.com"]